 Dungeon Crawl Stone Soup version 0.28-a0-1033-g1a2f33fa85 (webtiles) character file.

Game seed: 787585559501303650

16 ytrimaz the Scratcher (level 2, -1/12 HPs)
             Began as a Felid Transmuter on Dec 7, 2021.
             Slain by a kobold (3 damage)
             ... on level 1 of the Dungeon.
             The game lasted 00:00:39 (930 turns).

ytrimaz the Scratcher (Felid Transmuter)             Turns: 930, Time: 00:00:40

Health: -1/12      AC:  1    Str:  6    XL:     2   Next: 41%
Magic:  6/6        EV: 17    Int: 14    God:
Gold:   47         SH:  0    Dex: 16    Spells: 4/5 levels left
                                        Lives:  0   Deaths: 0

rFire   . . .      SeeInvis +     - Unarmed
rCold   . . .      Faith    .   (shield unavailable)
rNeg    . . .      Spirit   .   (armour unavailable)
rPois   .          Reflect  .   (helmet unavailable)
rElec   .          Harm     .   (cloak unavailable)
rCorr   .          Rampage  .   (gloves unavailable)
Will    .....                   (boots unavailable)
Stlth   +.........              (no amulet)
HPRegen 0.04/turn               (no ring)
MPRegen 0.10/turn               (no ring)

@: quick
A: very small, claws 1, fangs 3, see invisible, speed 1, shaggy fur 1, stealthy
paws, no weapons or thrown items, no armour, multi-lived
a: no special abilities


You were on level 1 of the Dungeon.
You visited 1 branch of the dungeon, and saw 1 of its levels.

You collected 47 gold pieces.

Inventory:

Potions
 b - a potion of heal wounds


   Skills:
 - Level 1.0 Fighting
 * Level 3.1 Dodging
 + Level 3.4 Unarmed Combat
 + Level 2.1 Spellcasting
 + Level 2.3 Transmutations


You had 4 spell levels left.
You knew the following spells:

 Your Spells              Type           Power      Damage    Failure   Level
a - Beastly Appendage     Tmut           16%        N/A       9%          1

Your spell library contained the following spells:

 Spells                   Type           Power      Damage    Failure   Level
 Wereblood                Tmut           8%         N/A       13%         2
 Spider Form              Tmut/Pois      4%         N/A       41%         3
 Ice Form                 Ice/Tmut       4%         N/A       82%         4


Dungeon Overview and Level Annotations

Branches:
Dungeon (1/15)

Altars:


Innate Abilities, Weirdness & Mutations

You have sharp claws.
You have razor-sharp teeth.
You have supernaturally acute eyesight. (SInv)
You cover ground quickly. (Speed+)
You are covered in fur. (AC +1)
Your paws help you pounce on unaware monsters.
You are incapable of wielding weapons or throwing items.
You cannot wear armour.
You gain extra lives every three experience levels.


Message History

The quokka misses you. The quokka bites you.
You miss the quokka.
The quokka is lightly wounded.
The quokka misses you.
You closely miss the quokka. You bite the quokka.
The quokka is almost dead.
The quokka bites you but does no damage.
You claw the quokka!
You kill the quokka!
Your transformation is almost over.
Your horns disappear.
You now have 47 gold pieces (gained 10).
Found an escape hatch in the floor.
Found 11 stones.
A kobold and a dart slug come into view.
There are monsters nearby!
Okay, then.
The kobold shouts!
You hear a shout!
The dart slug launches a dart at you. The slug dart hits you.
The dart slug closely misses you.
You scratch the dart slug.
The dart slug is heavily wounded.
You scratch the dart slug.
You kill the dart slug!
The kobold throws a stone.
The stone barely misses you. The kobold hits you with a +0 dagger.
You scratch the kobold.
You kill the kobold!
A kobold comes into view. It is wielding a +0 dagger.
The kobold throws a stone.
The stone completely misses you.
Things that are here:
a +0 dagger; 5 stones; a kobold corpse The kobold hits you with a +0 dagger.
The kobold hits you with a +0 dagger.
* * * LOW HITPOINT WARNING * * *
You are too injured to fight recklessly!
You barely miss the kobold. You bite the kobold, but do no damage.
The kobold hits you with a +0 dagger.
You die...

.........###..#.........
#..........#.###.####
#..........#.# #.....
####.####..#.# #.....
#.# #..#.# #..... #.#
#..#.###..).. #)#
#..#.##......
..#####.####..#....#....
......K@......#..###....
..............#.........
..........^...#.###.....
###############.# ##....
#.(....##.# #####
#...>..##.# ######
#......##.# #.....
#.........# #.....
#......##.# #.....


You could see a kobold.

Vanquished Creatures
  A dart slug (D:1)
  3 endoplasms (D:1)
  A hobgoblin (D:1)
  2 jackals (D:1)
  3 kobolds (D:1)
  A quokka (D:1)
  A bat (D:1)
12 creatures vanquished.

Notes
Turn   | Place    | Note
-------+----------+-------------------------------------------
     0 | D:1      | ytrimaz the Felid Transmuter began the quest for the Orb.
     0 | D:1      | Reached XP level 1. HP: 9/9 MP: 4/4
   394 | D:1      | Reached XP level 2. HP: 2/12 MP: 6/6
   930 | D:1      | Slain by a kobold

Illustrated notes

Levels and vault maps discovered:
D:1:      dpeg_arrival_boxes_within_box, layout_rooms, minmay_pentomino_x2

Skill      XL: |  1 |
---------------+----+-----
Dodging        | 3 |  3.1
Fighting       | |  1.0
Unarmed Combat | |  3.4
Spellcasting   | |  2.1
Transmutations | |  2.3

Action                   || total
-------------------------++-------
Melee: Unarmed           ||    37
       Bite              ||     5
       Headbutt          ||     1
 Cast: Beastly Appendage ||     4
  Use: Scroll            ||     1
Armor: Skin              ||     7
Dodge: Dodged            ||    43

Table legend: (Time is in decaauts)
 A = Elapsed time spent in this place.
 B = Non-inter-level travel time spent in this place.
 C = Inter-level travel time spent in this place.
 D = Time resting spent in this place.
 E = Time spent auto-exploring this place.
 F = Levels seen in this place.
 G = Mean time per level.
                   A        B        C        D        E       F      G
               +--------+--------+--------+--------+--------+-----+--------+
         Total |    859 |    859 |      0 |    209 |    553 |   1 |  859.0 |
       Dungeon |    859 |    859 |      0 |    209 |    553 |   1 |  859.0 |
               +--------+--------+--------+--------+--------+-----+--------+

Top non-repeatable levels by time:
     D:1: 859 daAuts
